 Dungeon Crawl Stone Soup version 0.27.0-1-g7a089689b8 (webtiles) character file.

Game seed: 5356738909918427112

30 sanka the Caller (level 2, 0/23 HPs)
             Began as a Demigod Summoner on Aug 1, 2021.
             Slain by a jackal (3 damage)
             ... on level 2 of the Dungeon.
             The game lasted 00:02:57 (2275 turns).

sanka the Caller (Demigod Summoner)                 Turns: 2275, Time: 00:02:57

Health: 0/23       AC:  3    Str:  9    XL:     2   Next: 87%
Magic:  7/7        EV: 12    Int: 17    God:
Gold:   74         SH:  0    Dex: 14    Spells: 2/5 levels left

rFire    . . .     SeeInvis .   g - +0 hand axe
rCold    . . .     Faith    .   (no shield)
rNeg     . . .     Spirit   .   a - +0 robe
rPois    .         Reflect  .   d - +0 helmet
rElec    .         Harm     .   (no cloak)
rCorr    .         Rampage  .   (no gloves)
Will     +....                  (no boots)
Stlth    ++........             (no amulet)
HPRegen  0.07/turn              (no ring)
MPRegen  0.10/turn              c - ring of willpower

@: no status effects
A: high mp 1, forlorn
a: no special abilities


You were on level 2 of the Dungeon.
You visited 1 branch of the dungeon, and saw 2 of its levels.

You collected 74 gold pieces.


Innate Abilities, Weirdness & Mutations

Your attributes grow dramatically as you level up.
You have an increased reservoir of magic. (+10% MP)
You shall have no god before yourself.


   Skills:
 + Level 1.0 Fighting
 + Level 2.2 Dodging
 - Level 1.7 Stealth
 - Level 2.0 Spellcasting
 - Level 4.0 Summonings


You had 2 spell levels left.
You knew the following spells:

 Your Spells              Type           Power      Damage    Failure   Level
x - Call Imp              Summ           15%        N/A       5%          2
z - Summon Small Mammal   Summ           60%        N/A       3%          1

Your spell library contained the following spells:

 Spells                   Type           Power      Damage    Failure   Level
 Call Canine Familiar     Summ           15%        N/A       11%         3
 Summon Guardian Golem    Hex/Summ       8%         N/A       26%         3
 Dazzling Flash           Conj/Hex       2%         N/A       50%         3
 Summon Lightning Spire   Summ/Air       8%         N/A       63%         4
 Agony                    Necr           1%         N/A       99%         5
 Silence                  Hex/Air        0%         N/A       99%         5

Inventory:

Hand Weapons
 g - a +0 hand axe (weapon)
Armour
 a - a +0 robe (worn)
 d - a +0 helmet (worn)
Jewellery
 c - a ring of willpower (right hand)
Scrolls
 b - a scroll of vulnerability {!r}
 e - a scroll of enchant armour {unknown}
Potions
 f - 2 potions of curing {unknown}

Dungeon Overview and Level Annotations

Branches:
Dungeon (2/15)

▒.....▒▒.....
▒.....++.....
▒.....▒▒.....
▒............
▒............ ▒
▒............ ▒. ▒▒▒
▒.....▒▒†....
▒..▒†▒▒▒▒▒▒▒▒▒.▒▒▒▒..▒
▒hhp▒.▒▒▒▒▒▒.▒ ▒..▒
▒...▒h.......▒.▒ ▒..▒
▒...▒..w▒.▒▒▒▒.▒+▒▒▒▒..▒
...▒..▒.▒▒▒▒ ▒..........
.▒ ▒(▒▒▒ ▒..........
▒▒▒▒▒▒▒▒▒▒▒▒..........
▒.........▒..........
▒.▒............▒▒▒...
▒.▒.▒▒▒▒.....▒▒▒.....


You could see a dart slug and 3 jackals.


Message History

You closely miss the jackal.
The jackal bites you but does no damage.
The jackal closely misses you. The jackal barely misses you.
The jackal bites you.
* * * LOW HITPOINT WARNING * * *
The jackal bites you but does no damage.
The jackal bites you but does no damage.
You closely miss the jackal.
The jackal is moderately wounded.
You barely miss the jackal. You hit the jackal but do no damage.
The jackal closely misses you. The jackal misses you.
The jackal bites you but does no damage.
The jackal bites you but does no damage.
The jackal barely misses you. The jackal closely misses you.
You closely miss the jackal.
The jackal is moderately wounded.
You hit the jackal but do no damage. You closely miss the jackal.
The jackal closely misses you. The jackal bites you.
* * * LOW HITPOINT WARNING * * *
The jackal misses you. The jackal closely misses you.
The jackal barely misses you. The jackal bites you.
You die...

Action                   || total
-------------------------++-------
Melee: Club              ||    99
       Hand axe          ||    27
 Cast: Summon Small Mamm ||    10
       Call Imp          ||     1
  Use: Scroll            ||     1
 Stab: Sleeping          ||     6
Armor: Robe              ||    44
Dodge: Dodged            ||   123

Levels and vault maps discovered:
D:1:      minmay_arrival_semitransparent, layout_loops_cross
D:2:      minmay_spotlight, layout_basic,
          shapermc_ecumenical_altar_totnotflames, minmay_unequal

Notes
Turn   | Place    | Note
-------+----------+-------------------------------------------
     0 | D:1      | sanka the Demigod Summoner began the quest for the Orb.
     0 | D:1      | Reached XP level 1. HP: 14/14 MP: 5/5
   293 | D:1      | Reached skill level 2 in Spellcasting
   355 | D:1      | HP: 1/14 [frozen (5)]
   714 | D:1      | HP: 1/14 [hobgoblin (3)]
  1147 | D:1      | Reached skill level 4 in Summonings
  1152 | D:1      | Reached XP level 2. HP: 20/20 MP: 5/7
  1173 | D:1      | Learned a level 2 spell: Call Imp
  1803 | D:2      | Reached skill level 2 in Dodging
  2074 | D:2      | Reached skill level 1 in Fighting
  2275 | D:2      | Slain by a jackal

Vanquished Creatures
  2 dart slugs (D:2)
  2 ball pythons
  An endoplasm (D:1)
  2 giant cockroaches
  6 hobgoblins (D:1)
  A jackal (D:2)
  2 bats (D:2)
  A frilled lizard (D:2)
  3 rats
20 creatures vanquished.

Vanquished Creatures (collateral kills)
  2 endoplasms (D:1)
  A goblin (D:1)
  A hobgoblin (D:1)
  A quokka (D:1)
5 creatures vanquished.

Grand Total: 25 creatures vanquished
